 Dungeon Crawl Stone Soup version 0.31-a0-1589-g8f5e8aebd6 (webtiles) character file.

Game seed: 13629206370413110302

202 Flugslaktarn the Apothecary (level 5, 3/31 HPs)
             Began as an Octopode Alchemist on Jan 6, 2024.
             Quit the game on level 4 of the Dungeon.
             The game lasted 00:00:51 (385 turns).

Flugslaktarn the Apothecary (Octopode Alchemist)     Turns: 385, Time: 00:00:52

Health: 3/31       AC:  1    Str:  8    XL:     5   Next: 80%
Magic:  5/10       EV: 13    Int: 19    God:
Gold:   57         SH:  0    Dex: 12    Spells: 1/10 levels left

rFire   + . .        b - +0 rapier
rCold   + . .        (no shield)
rNeg    . . .        (helmet restricted)
rPois   +            (no amulet)
rElec   +            (no ring)
rCorr   +            (no ring)
SInv    .            (no ring)
Will    .....        (no ring)
Stlth   +++          (no ring)
HPRegen 0.25/turn    (no ring)
MPRegen 0.12/turn    (no ring)
                     (no ring)

%: no passive effects
@: lethally poisoned (3 -> -9), resistant, very slightly contaminated
A: almost no armour, amphibious, 8 rings, camouflage 1, gelatinous body 1,
(nimble swimmer 1), tentacles
a: no special abilities


You were on level 4 of the Dungeon.
You visited 1 branch of the dungeon, and saw 4 of its levels.

You collected 57 gold pieces.

Inventory:

Hand Weapons
 b - a +0 rapier (weapon)
   (You found it on level 1 of the Dungeon)
Scrolls
 d - a scroll of teleportation {unknown}
 e - a scroll of blinking {unknown}
Potions
 a - a potion of magic


   Skills:
 - Level 2.0 Dodging
 - Level 2.6 Stealth
 + Level 3.4 Spellcasting
 - Level 1.0 Conjurations
 * Level 5.9 Alchemy


You had one spell level left.
You knew the following spells:

 Your Spells              Type           Power      Damage    Failure   Level
a - Sting                 Conj/Alch      64%        1d7       3%          1
b - Olgreb's Toxic Radia  Alch           25%        N/A       12%         4
c - Sticky Flame          Fire/Alch      14%        2d5       38%         4

Your spell library contained the following spells:

 Spells                   Type           Power      Damage    Failure   Level
 Mercury Vapours          Alch/Air       28%        N/A       6%          2
 Mephitic Cloud           Conj/Alch/Air  12%        N/A       17%         3


Dungeon Overview and Level Annotations

Branches:
Dungeon (4/15)
 Temple: D:4-7

Altars:


Innate Abilities, Weirdness & Mutations

You cannot wear most types of armour.
You are amphibious.
You can wear up to eight rings at the same time.
Your skin changes colour to match your surroundings (Stealth+).
Your rubbery body absorbs attacks. (AC +1, EV +1)
((You are camouflaged when in or above water. (Stealth+)))
You have tentacles for arms and can constrict up to eight enemies at once.


Message History

The sting hits the hobgoblin.
The hobgoblin is poisoned.
The hobgoblin is heavily wounded.
The hobgoblin shouts!
You barely miss the hobgoblin. You grab the hobgoblin.
The hobgoblin is almost dead.
You constrict the hobgoblin, but do no damage.
The hobgoblin closely misses you.
You hit the hobgoblin but do no damage.
You squeeze the hobgoblin, but do no damage.
The hobgoblin is almost dead.
You constrict the hobgoblin.
You kill the hobgoblin!
Magic restored.
Found a stone staircase leading down.
Unknown command.
Found a helmet.
Found a scroll labelled HIENIU SI OSMY.
There is a stone staircase leading down here.
You climb downwards.
There is a stone staircase leading up here.
A ball python comes into view.
A ball python is nearby!
Casting: Sting (safe; 3% risk of failure)
Confirm with . or Enter, or press ? or * to list all spells.
Aiming: Sting (safe; 3% risk of failure)
Press: ? - help, Shift-Dir - straight line, f - ball python
Aim: a ball python (asleep, 100% to hit)
You miscast Sting.
You are very lightly contaminated with residual magic.
Nothing appears to happen.
Casting: Sting (safe; 3% risk of failure)
Confirm with . or Enter, or press ? or * to list all spells.
Aiming: Sting (safe; 3% risk of failure)
Press: ? - help, Shift-Dir - straight line, f/p - ball python
Aim: a ball python (asleep, 100% to hit)
The sting hits the ball python.
The ball python is poisoned.
The ball python is severely wounded.
The ball python hisses angrily.
You kill the ball python!
Your magical contamination has completely faded away.
e - a scroll labelled KYDWUO HOMEQO Magic restored.
An orc comes into view. It is wielding a +0 club.
You now have 53 gold pieces (gained 13).
You now have 57 gold pieces (gained 4).
An orc comes into view. It is wielding a +0 falchion.
An orc wizard and an orc come into view.
Found a stone staircase leading down.
Casting: Sting (safe; 3% risk of failure)
Confirm with . or Enter, or press ? or * to list all spells.
You can't see any susceptible monsters within range! (Use Z to cast anyway.)
Casting: Sting (safe; 3% risk of failure)
Confirm with . or Enter, or press ? or * to list all spells.
You begin to radiate toxic energy.
The orc shouts!
The orc is poisoned.
The orc wizard is poisoned.
The orc is poisoned. x2
The orc looks even sicker. x2
An orc comes into view. It is wielding a +0 war axe.
Unknown command.
The orc looks even sicker.
The orc shouts!
The orc is poisoned.
Your toxic aura wanes.
Unknown command.
You feel a bit more experienced.
You feel a bit more experienced.
You feel a bit more experienced.
The orc looks more healthy.
The orc wizard casts a spell.
The orc wizard flickers and vanishes!
Deactivating autopickup; reactivate with Ctrl-A.
You are confused.
You bump into the rock wall.
You're too confused to move!
A magic dart appears from out of thin air!
The magic dart hits you.
You are more confused.
You feel less confused.
You are confused.
You bump into the rock wall.
A puff of flame appears from out of thin air!
The puff of flame hits you!
You bump into the rock wall.
You feel less confused.
Casting: Olgreb's Toxic Radiance (extremely dangerous; 12% risk of failure)
Confirm with . or Enter, or press ? or * to list all spells.
You miscast Olgreb's Toxic Radiance.
You are very lightly contaminated with residual magic.
There is a flash of cinnabar.
You are poisoned.
You feel very sick.
You hear some strange, mumbled words.
A puff of flame appears from out of thin air!
The puff of flame hits you!
* * * LOW HITPOINT WARNING * * *
Unknown command.
It was a potion of resistance.
You feel protected.
* * * LOW HITPOINT WARNING * * *
You feel very sick.
Are you sure you want to abandon this character and quit the game? (Confirm with "yes".)

#......<.##.#
###...{.....##.o..
#........##.####...........#..#
#######..........##..........#
#..........##........###
#..........##........#
#..........##........#
#..........###########
#..........# #.........@#
#..........# ..........#
###########


There were no monsters in sight!

Vanquished Creatures
  Sigmund (D:3)
  An iguana (D:3)
  A dart slug (D:1)
  3 orcs (D:4)
  3 endoplasms
  A goblin (D:3)
  2 hobgoblins
  A ball python (D:4)
13 creatures vanquished.

Notes
Turn   | Place    | Note
-------+----------+-------------------------------------------
     0 | D:1      | Flugslaktarn the Octopode Alchemist began the quest for the
                  | Orb.
     0 | D:1      | Reached XP level 1. HP: 11/11 MP: 3/3
    94 | D:2      | Reached XP level 2. HP: 17/17 MP: 1/5
   127 | D:3      | Reached skill level 4 in Alchemy
   127 | D:3      | Reached XP level 3. HP: 16/21 MP: 3/6
   188 | D:3      | Noticed Sigmund
   203 | D:3      | Killed Sigmund
   204 | D:3      | Reached skill level 5 in Alchemy
   204 | D:3      | Reached XP level 4. HP: 5/27 MP: 2/9
   204 | D:3      | Reached XP level 5. HP: 6/31 MP: 2/10
   213 | D:3      | Learned a level 4 spell: Olgreb's Toxic Radiance
   218 | D:3      | Learned a level 4 spell: Sticky Flame
   385 | D:4      | Quit the game

Illustrated notes

Levels and vault maps discovered:
D:1:      erik_arrival_blinker_ship, layout_rooms,
          ebering_ecumenical_altar_abandoned
D:2:      layout_loops_ring, basic_altar, minmay_misc_feat_five
D:3:      layout_basic, mainiacjoe_overflow_alcove_2,
          minmay_misc_feat_diagonals, uniq_sigmund
D:4:      layout_rooms, amcnicky_mini_corridor_feature

Skill      XL: |  1  2  3 |
---------------+----------+-----
Alchemy        | 4 5 |  5.9
Spellcasting   | 3 |  3.4
Dodging        | |  2.0
Stealth        | |  2.6
Conjurations   | |  1.0

Action                     |  1- 3 |  4- 6 || total
---------------------------+-------+-------++-------
  Melee: Unarmed           |     3 |       ||     3
         Tentacles         |     4 |     1 ||     5
         Rapier            |     5 |     2 ||     7
         Constrict         |     2 |     1 ||     3
   Cast: Sting             |    11 |     3 ||    14
         Olgreb's Toxic Ra |       |     1 ||     1
    Use: Potion            |       |     1 ||     1
 Armour: Skin              |     5 |     3 ||     8
  Dodge: Dodged            |     3 |     1 ||     4

Table legend: (Time is in decaauts)
 A = Elapsed time spent in this place.
 B = Non-inter-level travel time spent in this place.
 C = Inter-level travel time spent in this place.
 D = Time resting spent in this place.
 E = Time spent auto-exploring this place.
 F = Levels seen in this place.
 G = Mean time per level.
                   A        B        C        D        E       F      G
               +--------+--------+--------+--------+--------+-----+--------+
         Total |    385 |    354 |     31 |      0 |    205 |   4 |   96.2 |
       Dungeon |    385 |    354 |     31 |      0 |    205 |   4 |   96.2 |
               +--------+--------+--------+--------+--------+-----+--------+

Top non-repeatable levels by time:
     D:3: 198 daAuts
     D:1: 68 daAuts
     D:4: 65 daAuts
     D:2: 52 daAuts
